[Event "Titled Tuesday Blitz July 18 Late 2023"]
[White "Zhang, Derek"]
[Black "Taranenko, Evgueniy"]
[WhiteFideId "2087871"]
[BlackFideId "14122138"]
[WhiteElo "2533"]
[BlackElo "2733"]
[Result "0-1"]
[Round "8"]
[TimeControl "180+2"]
[Date "2023.07.18"]
[WhiteClock "0:00:06"]
[BlackClock "0:01:24"]
[Board "44"]

1. Nf3 f5 2. c4 Nf6 3. Nc3 d6 4. e3 g6 5. h3 Bg7 6. Qc2 O-O 7. Be2 e5 8. d3 a5 9. e4 Nc6 10. Nd5 h6 11. Bd2 Be6 12. O-O-O Nd7 13. Kb1 Nc5 14. Be3 b6 15. g4 fxe4 16. dxe4 Nb4 17. Nxb4 axb4 18. Bxc5 bxc5 19. b3 Rf4 20. Rdf1 Qf6 21. Qd3 Rf8 22. Ne1 Rxf2 23. Rxf2 Qxf2 24. Rf1 Qd4 25. Rxf8+ Kxf8 26. Qxd4 exd4 27. Kc2 Ke7 28. Kd3 Be5 29. Nf3 Kf6 30. Bd1 Bg3 31. Ke2 h5 32. g5+ Ke7 33. h4 Bg4 34. Kd3 Bxf3 35. Bxf3 Bxh4 36. e5 dxe5 37. Be4 Kf7 38. Bd5+ Kg7 39. Ke4 Bxg5 40. Kxe5 d3 41. Bf3 d2 42. Kd5 Be3 43. Ke4 Bf2 44. Kd3 Be1 45. Ke4 Kf6 46. Kd5 Bf2 0-1


[Site "https://www.chess.com"]

[Event "Titled Tuesday Blitz July 18 Late 2023"]
[White "Stoyanov, Tsvetan"]
[Black "Poltorak, Sebastian"]
[WhiteFideId "2917173"]
[BlackFideId "1199498"]
[WhiteElo "2719"]
[BlackElo "2532"]
[Result "1-0"]
[Round "8"]
[TimeControl "180+2"]
[Date "2023.07.18"]
[WhiteClock "0:01:08"]
[BlackClock "0:00:00"]
[Board "45"]

1. e4 Nc6 2. Nf3 f5 3. exf5 d5 4. Bb5 Bxf5 5. Ne5 Qd6 6. d4 e6 7. O-O Ne7 8. b3 Qb4 9. a4 O-O-O 10. c3 Qa5 11. Nf7 Rg8 12. b4 Qb6 13. Nxd8 Nxd8 14. Bf4 Ng6 15. Bg3 Nf7 16. Na3 c6 17. a5 Qd8 18. Bd3 Qg5 19. a6 b5 20. Bxb5 cxb5 21. Nxb5 Qe7 22. Qa4 Qd7 23. Nxa7+ Qxa7 24. Qc6+ Kd8 25. Qb7 Qxb7 26. axb7 Bd6 27. Bxd6 Kd7 28. b8=Q Rxb8 29. Bxb8 1-0


[Site "https://www.chess.com"]

[Event "Titled Tuesday Blitz July 18 Late 2023"]
[White "Santos Flores, Alberto"]
[Black "Volovich, Vasily"]
[WhiteFideId "3601234"]
[BlackFideId "34169676"]
[WhiteElo "2532"]
[BlackElo "2697"]
[Result "1-0"]
[Round "8"]
[TimeControl "180+2"]
[Date "2023.07.18"]
[WhiteClock "0:00:15"]
[BlackClock "0:00:00"]
[Board "46"]

1. e4 e6 2. d4 d5 3. Nc3 Bb4 4. e5 Ne7 5. a3 Bxc3+ 6. bxc3 c5 7. Nf3 b6 8. a4 Ba6 9. Bxa6 Nxa6 10. a5 bxa5 11. O-O cxd4 12. cxd4 Rc8 13. Bd2 Nb4 14. c3 Nbc6 15. Ne1 O-O 16. Nd3 Nb8 17. Qg4 Nd7 18. h4 Kh8 19. h5 h6 20. Rfb1 Rb8 21. Rxb8 Qxb8 22. Rxa5 Qb1+ 23. Ne1 Qb6 24. Ra1 a5 25. Qd1 Ra8 26. g4 Qb5 27. Nc2 Nb6 28. g5 Nf5 29. Ne3 Nxe3 30. Bxe3 Nc4 31. Bc1 hxg5 32. Bxg5 Qb2 33. Rb1 Qxc3 34. h6 gxh6 35. Bf6+ Kh7 36. Rb7 Rg8+ 37. Kh2 Rf8 38. Qh5 1-0


[Site "https://www.chess.com"]

[Event "Titled Tuesday Blitz July 18 Late 2023"]
[White "Quintiliano Pinto, Renato R."]
[Black "ArtemDyachuk"]
[WhiteFideId "2117568"]
[WhiteElo "2691"]
[BlackElo "2531"]
[Result "0-1"]
[Round "8"]
[TimeControl "180+2"]
[Date "2023.07.18"]
[WhiteClock "0:00:35"]
[BlackClock "0:00:13"]
[Board "47"]

1. Nf3 Nf6 2. c4 c5 3. g3 b6 4. Bg2 Bb7 5. O-O e6 6. b3 Be7 7. Bb2 O-O 8. Nc3 d6 9. d4 cxd4 10. Qxd4 Nbd7 11. Rfd1 a6 12. Rac1 Rc8 13. h3 Qc7 14. e4 Qb8 15. Qe3 h6 16. Nd4 Qa8 17. Re1 Rfe8 18. Rcd1 Nf8 19. Nde2 d5 20. cxd5 exd5 21. e5 Bc5 22. Nd4 Ne4 23. Nxe4 dxe4 24. Bxe4 Rxe5 25. Bxb7 Rxe3 26. Bxa8 Rxe1+ 27. Rxe1 Rxa8 28. Nf5 Ne6 29. Rd1 Rc8 30. Rd7 Bxf2+ 31. Kxf2 Rc2+ 32. Ke3 Rxb2 33. Nd6 Rxa2 34. Rb7 b5 35. b4 Ra3+ 36. Kf2 Rb3 37. Ra7 Rxb4 38. Rxa6 Rb2+ 39. Ke3 Rb3+ 40. Kf2 b4 41. Ra8+ Nf8 42. Nf5 g6 43. Nxh6+ Kg7 44. Ng4 Rb2+ 45. Ke3 Rb3+ 46. Kf2 Rb2+ 47. Ke3 Ne6 48. Ra7 Rb3+ 49. Kf2 Ng5 50. Ne5 Ne4+ 51. Ke1 Re3+ 52. Kf1 Nd2+ 53. Kf2 Rxe5 0-1


[Site "https://www.chess.com"]

[Event "Titled Tuesday Blitz July 18 Late 2023"]
[White "Rastbod, Ali"]
[Black "Rangel, Daniel"]
[WhiteFideId "12567477"]
[BlackFideId "2124475"]
[WhiteElo "2684"]
[BlackElo "2530"]
[Result "1-0"]
[Round "8"]
[TimeControl "180+2"]
[Date "2023.07.18"]
[WhiteClock "0:01:32"]
[BlackClock "0:00:06"]
[Board "48"]

1. e4 c5 2. Nc3 g6 3. g3 Bg7 4. Bg2 Nc6 5. d3 d6 6. Be3 e5 7. f4 Be6 8. Nh3 h6 9. O-O Nge7 10. Qd2 Qd7 11. Nf2 Nd4 12. Ncd1 h5 13. c3 Ndc6 14. h4 exf4 15. Bxf4 Ne5 16. Ne3 N7c6 17. Kh1 O-O 18. b3 Rae8 19. d4 cxd4 20. cxd4 Ng4 21. d5 Nxf2+ 22. Qxf2 Bxa1 23. dxc6 bxc6 24. Rxa1 Bh3 25. Bh6 Bxg2+ 26. Nxg2 Rxe4 27. Bxf8 Kxf8 28. Re1 d5 29. Rxe4 dxe4 30. Nf4 Qd1+ 31. Kg2 Qb1 32. Nxg6+ Kg7 33. Nf4 Kh6 34. Qe2 Kg7 35. Nxh5+ Kf8 36. Nf6 e3 37. Ng4 Qe4+ 38. Kh2 f5 39. Nxe3 Kg8 40. Qf2 a5 41. Nxf5 a4 42. bxa4 Qxa4 43. Nh6+ Kh7 44. Qf5+ Kg7 45. Qg4+ 1-0


[Site "https://www.chess.com"]

[Event "Titled Tuesday Blitz July 18 Late 2023"]
[White "Karttunen, Mika"]
[Black "Martinez Reyes, Pedro Ramon"]
[WhiteFideId "502081"]
[BlackFideId "3901807"]
[WhiteElo "2649"]
[BlackElo "2530"]
[Result "0-1"]
[Round "8"]
[TimeControl "180+2"]
[Date "2023.07.18"]
[WhiteClock "0:00:02"]
[BlackClock "0:00:35"]
[Board "49"]

1. e4 c5 2. Nf3 Nc6 3. Bb5 Na5 4. O-O a6 5. Be2 e6 6. c3 Nf6 7. e5 Nd5 8. d4 cxd4 9. cxd4 b5 10. Nc3 Bb7 11. Ne4 f5 12. Bg5 Qb6 13. Nh4 g6 14. Nf6+ Kf7 15. Nxd7 Qc6 16. Nf6 Nxf6 17. Bxf6 Rg8 18. Bf3 Qd7 19. Bxb7 Qxb7 20. Nf3 h6 21. Rc1 Nc4 22. b3 Nb6 23. Qd2 Nd5 24. Rc2 g5 25. Rfc1 Ba3 26. Rd1 Bb4 27. Qc1 Rac8 28. Rxc8 Rxc8 29. Qb2 Qc6 30. Qe2 Qc2 31. Qf1 Qxa2 32. g3 Qxb3 33. Qe2 Nc3 34. Nxg5+ Kg8 35. Qe3 Qxd1+ 36. Kg2 Qe2 37. Qf4 Qg4 38. Qc1 hxg5 39. h3 Qe4+ 40. Kh2 f4 41. Qb2 fxg3+ 42. Kxg3 Ne2+ 43. Kh2 Nf4 44. Kg3 Qg2# 0-1


[Site "https://www.chess.com"]

[Event "Titled Tuesday Blitz July 18 Late 2023"]
[White "Graif, William"]
[Black "Begmuratov, Alisher"]
[WhiteFideId "2609835"]
[BlackFideId "14203367"]
[WhiteElo "2525"]
[BlackElo "2648"]
[Result "1-0"]
[Round "8"]
[TimeControl "180+2"]
[Date "2023.07.18"]
[WhiteClock "0:00:13"]
[BlackClock "0:00:10"]
[Board "50"]

1. e4 c6 2. d4 d5 3. Nc3 dxe4 4. Bc4 Nf6 5. f3 e3 6. Bxe3 Bf5 7. Nge2 e6 8. g4 Bg6 9. Nf4 Bd6 10. Qd2 Nbd7 11. h4 Bxf4 12. Bxf4 h5 13. O-O-O Nb6 14. Be2 Nbd5 15. Be5 Qa5 16. Nxd5 Qxd2+ 17. Rxd2 cxd5 18. g5 Nd7 19. Bxg7 Rg8 20. Be5 Nxe5 21. dxe5 Ke7 22. f4 Rac8 23. c3 Rc5 24. Rhd1 Rgc8 25. Rd4 b5 26. a3 a5 27. Kd2 R8c7 28. Ke3 Kd7 29. f5 exf5 30. Rxd5+ Ke6 31. Bf3 Rc4 32. R5d4 Kxe5 33. Rxc4 bxc4 34. Rd5+ Ke6 35. Rxa5 Rd7 36. Ra6+ Ke5 37. Ra5+ Ke6 38. Be2 Rc7 39. Kd4 f4 40. Bxc4+ Kd6 41. Ra6+ Ke7 42. Rf6 Rd7+ 43. Bd5 Rd8 44. Rxf4 Kd6 45. Rf6+ Ke7 46. c4 Rb8 47. b4 Rd8 48. b5 Rd7 49. b6 Rd8 50. a4 Rb8 51. a5 Kd7 52. a6 Re8 53. a7 Re1 54. a8=Q Rd1+ 55. Kc5 Ke7 56. Qb7+ Ke8 57. Rd6 Kf8 58. Qb8+ Kg7 59. Qd8 Rf1 60. Rf6 Re1 61. Qd7 Re5 62. Rxf7+ Bxf7 63. Qxf7+ 1-0


[Site "https://www.chess.com"]

[Event "Titled Tuesday Blitz July 18 Late 2023"]
[White "Urbina Perez, Juan Antonio"]
[Black "Leon Oquendo, Jorge"]
[WhiteFideId "2217368"]
[BlackFideId "3514803"]
[WhiteElo "2515"]
[BlackElo "2625"]
[Result "0-1"]
[Round "8"]
[TimeControl "180+2"]
[Date "2023.07.18"]
[WhiteClock "0:00:00"]
[BlackClock "0:00:17"]
[Board "51"]

1. e4 c5 2. Nf3 d6 3. Bb5+ Nc6 4. O-O Bd7 5. Re1 a6 6. Bf1 e5 7. c3 Nf6 8. d4 Be7 9. dxe5 Nxe5 10. Nxe5 dxe5 11. Na3 b5 12. Nc2 Bc6 13. Qxd8+ Rxd8 14. f3 Nd7 15. Ne3 c4 16. Nf5 Bc5+ 17. Be3 g6 18. Bxc5 Nxc5 19. Ne3 Ke7 20. Rad1 Na4 21. Rb1 Rd2 22. Re2 Rxe2 23. Bxe2 Rd8 24. Kf2 Rd2 25. Nd1 Rc2 26. Ke1 Ke6 27. a3 f5 28. exf5+ gxf5 29. b3 Nxc3 30. Nxc3 Rxc3 31. bxc4 bxc4 32. Rb6 Kd5 33. Rxa6 Be8 34. Ra5+ Kd4 35. Kd2 Rb3 36. Ra8 Rb2+ 37. Kd1 Bb5 38. Rc8 Kc3 39. Ke1 Ra2 40. Rc5 Ba6 41. Ra5 Bb7 42. Rc5 Ba6 43. Ra5 Bc8 44. Rc5 Be6 45. Rxe5 Bf7 46. Rxf5 Bg6 47. Rd5 Bd3 48. Bxd3 cxd3 49. f4 Ra1+ 50. Kf2 d2 0-1


[Site "https://www.chess.com"]

[Event "Titled Tuesday Blitz July 18 Late 2023"]
[White "Arabidze, Meri"]
[Black "Hnydiuk, Aleksander"]
[WhiteFideId "13604040"]
[BlackFideId "1109057"]
[WhiteElo "2611"]
[BlackElo "2514"]
[Result "1-0"]
[Round "8"]
[TimeControl "180+2"]
[Date "2023.07.18"]
[WhiteClock "0:00:19"]
[BlackClock "0:00:16"]
[Board "52"]

1. b3 a5 2. a4 d5 3. Bb2 Bg4 4. Nf3 f6 5. d4 Nd7 6. Nbd2 e6 7. e4 Bd6 8. h3 Bh5 9. Bd3 Ne7 10. Qe2 O-O 11. g4 Bg6 12. h4 Bf4 13. h5 Bf7 14. O-O-O c6 15. Kb1 b5 16. axb5 a4 17. bxc6 Nxc6 18. exd5 exd5 19. Bb5 Qb6 20. bxa4 Rfb8 21. Nb3 Nf8 22. g5 fxg5 23. h6 Re8 24. Ne5 Nxe5 25. dxe5 Re7 26. hxg7 Ng6 27. e6 Rxe6 28. Rxh7 Kxh7 29. Qh5+ Kg8 30. Qh8+ 1-0


[Site "https://www.chess.com"]

[Event "Titled Tuesday Blitz July 18 Late 2023"]
[White "HamedWafa4"]
[Black "vishwa_vijeta"]
[WhiteElo "2610"]
[BlackElo "2511"]
[Result "0-1"]
[Round "8"]
[TimeControl "180+2"]
[Date "2023.07.18"]
[WhiteClock "0:00:19"]
[BlackClock "0:00:28"]
[Board "53"]

1. d4 Nf6 2. Nc3 d5 3. Bf4 g6 4. e3 Bg7 5. Nb5 Na6 6. Nc3 Nb8 7. Nb5 Na6 8. h3 c6 9. Nc3 Qb6 10. a3 O-O 11. Nf3 Ne4 12. Bd3 Nxc3 13. bxc3 Qb2 14. O-O Qxc3 15. Bxa6 bxa6 16. Qd3 Qxd3 17. cxd3 Bf5 18. Rfd1 Rac8 19. Rac1 Rfe8 20. Rc5 Bd7 21. Ra5 c5 22. dxc5 e5 23. Bg3 Bb5 24. d4 exd4 25. exd4 Bf6 26. Bh4 Bg7 27. Bg3 h6 28. Rb1 g5 29. Rbxb5 axb5 30. Rxb5 Re7 31. Ra5 Re4 32. Ra4 Rxc5 33. Rxa7 Bxd4 34. Ra8+ Kh7 35. Ra7 Rc1+ 36. Kh2 Bxa7 0-1


[Site "https://www.chess.com"]

[Event "Titled Tuesday Blitz July 18 Late 2023"]
[White "Chor, Kevin"]
[Black "David, Bogdan-Emanuel"]
[WhiteFideId "2090740"]
[BlackFideId "1229907"]
[WhiteElo "2511"]
[BlackElo "2607"]
[Result "1-0"]
[Round "8"]
[TimeControl "180+2"]
[Date "2023.07.18"]
[WhiteClock "0:00:15"]
[BlackClock "0:00:15"]
[Board "54"]

1. e4 c5 2. Nf3 Nc6 3. d4 cxd4 4. Nxd4 e5 5. Nb5 d6 6. N1c3 a6 7. Na3 b5 8. Nd5 Nge7 9. Bg5 h6 10. Bxe7 Nxe7 11. c3 Nxd5 12. exd5 Be7 13. g3 O-O 14. Bg2 f5 15. O-O f4 16. Nc2 a5 17. Qd3 Ba6 18. Bh3 Qb6 19. Be6+ Kh8 20. b4 Qc7 21. Rac1 Rab8 22. Rfe1 Bg5 23. Rcd1 Bc8 24. bxa5 Qxa5 25. Nb4 Qb6 26. Re2 Re8 27. Qg6 Rf8 28. Nc6 Ra8 29. Bxc8 Raxc8 30. Qxd6 fxg3 31. hxg3 Rfd8 32. Nxd8 Qxd8 33. Qxd8+ Rxd8 34. Rxe5 Bf6 35. Re3 Rd6 36. Re6 Rd7 37. d6 Bxc3 38. Re7 Rd8 39. d7 Bf6 40. Re8+ Kh7 41. Rxd8 Bxd8 42. Re1 Ba5 43. Re8 Kg6 44. d8=Q Bxd8 45. Rxd8 1-0


[Site "https://www.chess.com"]

[Event "Titled Tuesday Blitz July 18 Late 2023"]
[White "NigelDwarf"]
[Black "Ganiev, Roman"]
[BlackFideId "4131452"]
[WhiteElo "2510"]
[BlackElo "2603"]
[Result "0-1"]
[Round "8"]
[TimeControl "180+2"]
[Date "2023.07.18"]
[WhiteClock "0:00:00"]
[BlackClock "0:00:18"]
[Board "55"]

1. Nf3 Nf6 2. c4 e6 3. b3 d5 4. Bb2 Be7 5. e3 O-O 6. cxd5 exd5 7. Nc3 c6 8. Qc2 Bg4 9. d4 Nbd7 10. Bd3 Bh5 11. O-O Re8 12. Ne5 Bg6 13. f4 Bxd3 14. Qxd3 Bb4 15. a3 Bxc3 16. Bxc3 Ne4 17. Be1 f6 18. Nf3 Qe7 19. b4 Nb6 20. b5 Nc4 21. bxc6 bxc6 22. Bb4 Qe6 23. Rfe1 a5 24. Bc5 Rab8 25. Ra2 Rb5 26. a4 Rb7 27. Rc1 Reb8 28. Rac2 Nxc5 29. dxc5 Qxe3+ 30. Qxe3 Nxe3 31. Re2 Nc4 32. Nd4 Rc8 33. Re6 Rbc7 34. Rce1 Nb2 35. Nf5 Nd3 36. R1e3 Nxc5 37. Re7 g6 38. Nd6 Rxe7 39. Rxe7 Rd8 40. Nf7 Rd7 41. Nh6+ Kf8 42. Re1 Ne4 43. Rc1 Rb7 44. Ng4 Ke7 45. h4 c5 46. Ne3 d4 47. Nd5+ Kf7 48. g4 f5 49. gxf5 gxf5 0-1


[Site "https://www.chess.com"]

[Event "Titled Tuesday Blitz July 18 Late 2023"]
[White "Piesik, Piotr"]
[Black "Ansh M Shah"]
[WhiteFideId "1136194"]
[BlackFideId "25033379"]
[WhiteElo "2601"]
[BlackElo "2505"]
[Result "1-0"]
[Round "8"]
[TimeControl "180+2"]
[Date "2023.07.18"]
[WhiteClock "0:00:34"]
[BlackClock "0:00:01"]
[Board "56"]

1. Nf3 Nf6 2. g3 g6 3. Bg2 Bg7 4. O-O O-O 5. d4 d6 6. Nbd2 Nc6 7. e4 e5 8. dxe5 Nxe5 9. Nxe5 dxe5 10. Qe2 c6 11. a4 Bg4 12. f3 Be6 13. Rd1 Qb6+ 14. Qf2 Rad8 15. Qxb6 axb6 16. Kf2 Nd7 17. b3 Nc5 18. Ba3 f5 19. Ke1 Bh6 20. Nf1 fxe4 21. fxe4 Bg4 22. Rxd8 Rxd8 23. a5 Ne6 24. axb6 Nd4 25. Ra2 Nf3+ 26. Bxf3 Bxf3 27. Bc5 Bxe4 28. Ra7 Bxc2 29. Rxb7 Bd3 30. Rc7 Ba6 31. Ra7 Bc8 32. b7 Bxb7 33. Rxb7 Rd3 34. b4 e4 35. Re7 Rb3 36. Rxe4 Rb1+ 37. Kf2 Rb2+ 38. Re2 Rb3 39. Ne3 Bf8 40. Ng4 Bxc5+ 41. bxc5 Rc3 42. Nf6+ Kg7 43. Ne4 Rc4 44. Kf3 h5 45. h3 Kh6 46. h4 Kg7 47. Rd2 Rb4 48. Rd7+ Kh6 49. Nf6 Rb3+ 50. Kf4 Rb4+ 51. Ke5 Rb7 52. Rxb7 g5 53. Kf5 gxh4 54. Ng8# 1-0


[Site "https://www.chess.com"]

[Event "Titled Tuesday Blitz July 18 Late 2023"]
[White "Vaibhav Jayant Raut"]
[Black "CatLivesMatter"]
[WhiteFideId "5089034"]
[WhiteElo "2601"]
[BlackElo "2504"]
[Result "1-0"]
[Round "8"]
[TimeControl "180+2"]
[Date "2023.07.18"]
[WhiteClock "0:00:20"]
[BlackClock "0:00:08"]
[Board "57"]

1. a3 a6 2. h3 h6 3. e4 e5 4. Nf3 Nc6 5. Nc3 Nf6 6. b4 d5 7. exd5 Nxd5 8. Bb2 Nxc3 9. Bxc3 Bd6 10. Be2 O-O 11. d3 Bf5 12. O-O Qd7 13. Nd2 Rad8 14. Bf3 Nd4 15. Bxd4 exd4 16. Re1 Rfe8 17. Ne4 Bf8 18. Qd2 b6 19. Qf4 Bg6 20. h4 Bxe4 21. Rxe4 Rxe4 22. Bxe4 Bd6 23. Qf3 Qe7 24. g3 g6 25. h5 Kg7 26. hxg6 fxg6 27. Qg4 Qf6 28. f4 h5 29. Qh3 h4 30. Rf1 hxg3 31. Qxg3 Rh8 32. Rf2 Rh4 33. Rg2 Rxf4 34. Qxg6+ Qxg6 35. Rxg6+ Kf7 36. Rh6 Rg4+ 37. Kf2 Rg5 38. Rh7+ Ke6 39. Rh8 a5 40. Re8+ Kd7 41. Rh8 axb4 42. axb4 Bxb4 43. Rh7+ Be7 44. Bf3 c5 45. Rh6 Bd6 46. Rh7+ Kd8 47. Rb7 Bc7 48. Ra7 Kd7 49. Be4 Rh5 50. Ra2 Rh2+ 51. Kf3 Rh3+ 52. Kg4 Rg3+ 53. Kf5 Re3 54. Ra1 Re2 55. Ra2 Kd6 56. Kg4 Ke5 57. Kf3 Re3+ 58. Kf2 Ke6 59. Ra7 Kd6 60. Ra2 Rh3 61. Kg2 Rh4 62. Ra8 Kd7 63. Bf5+ Ke7 64. Ra2 Rh2+ 65. Kf3 b5 66. Be4 Kd6 67. Ra6+ Ke7 68. Ra2 c4 69. dxc4 bxc4 70. Ra4 c3 71. Rxd4 Be5 72. Rc4 Kf6 73. Bd3 Rh3+ 74. Kg4 Rg3+ 75. Kh4 Rg1 76. Rc6+ Kf7 77. Kh5 Bf6 78. Bc4+ Kg7 79. Rc7+ Kf8 80. Rf7+ Ke8 81. Rxf6 Rh1+ 82. Kg4 Rg1+ 83. Kf5 Rd1 84. Rc6 Rd2 85. Bd3 Rf2+ 86. Ke4 Rh2 87. Rxc3 Rh4+ 88. Kd5 Rh5+ 89. Kd4 Rh4+ 90. Be4 Rh5 91. Rc5 Rh4 92. Re5+ Kd7 93. c3 Kd6 94. Rd5+ Ke6 95. c4 Rh2 96. Kc5 Ra2 97. Rd6+ Ke5 98. Bc6 Ra5+ 99. Bb5 Ra1 100. Rd8 Rc1 101. Re8+ Kf6 102. Kb6 Rh1 103. c5 Kf7 104. Re2 Rh6+ 105. c6 Kf8 106. Kb7 Rh7+ 107. c7 1-0


[Site "https://www.chess.com"]

[Event "Titled Tuesday Blitz July 18 Late 2023"]
[White "Pinheiro, Iung Alicio de O."]
[Black "Sos Andreu, Eric"]
[WhiteFideId "2104350"]
[BlackFideId "22247017"]
[WhiteElo "2599"]
[BlackElo "2503"]
[Result "1-0"]
[Round "8"]
[TimeControl "180+2"]
[Date "2023.07.18"]
[WhiteClock "0:00:14"]
[BlackClock "0:00:01"]
[Board "58"]

1. e4 c6 2. Nc3 d5 3. Nf3 Bg4 4. h3 Bxf3 5. Qxf3 e6 6. a3 Nd7 7. d3 Ngf6 8. g3 Be7 9. Bg2 O-O 10. O-O Rc8 11. Qe2 dxe4 12. dxe4 e5 13. f4 Bc5+ 14. Kh1 Qe7 15. Bd2 Bd4 16. Rae1 Rce8 17. Nd1 Qe6 18. c3 Bb6 19. Nf2 exf4 20. gxf4 Nc5 21. e5 Nfd7 22. Ng4 Qa2 23. Be3 Na4 24. Rf2 h5 25. Nh2 Bxe3 26. Qxe3 Ndb6 27. Bf3 Nxb2 28. Qe2 N6c4 29. Rg1 Qxa3 30. Rfg2 g6 31. Bxh5 Kh7 32. Bxg6+ fxg6 33. Rxg6 Rf5 34. Qg4 Qf8 35. Qh4+ Rh5 36. Qxh5+ Qh6 37. Qxh6# 1-0


[Site "https://www.chess.com"]

[Event "Titled Tuesday Blitz July 18 Late 2023"]
[White "Erzhanov, Arman"]
[Black "Geivondian, Arman"]
[WhiteFideId "4138821"]
[BlackFideId "24102032"]
[WhiteElo "2501"]
[BlackElo "2596"]
[Result "1-0"]
[Round "8"]
[TimeControl "180+2"]
[Date "2023.07.18"]
[WhiteClock "0:00:55"]
[BlackClock "0:01:00"]
[Board "59"]

1. e4 c6 2. d4 d5 3. exd5 cxd5 4. Bd3 Nc6 5. c3 Nf6 6. h3 g6 7. Nf3 Bf5 8. Be2 Bg7 9. O-O O-O 10. Bf4 Rc8 11. Re1 e6 12. Bf1 h6 13. Bh2 g5 14. Ne5 Nd7 15. Nxd7 Qxd7 16. Nd2 f6 17. Nf3 Bg6 18. Bb5 a6 19. Bf1 b5 20. a3 Na5 21. b4 Nc4 22. Qb3 Rc6 23. a4 Rfc8 24. axb5 axb5 25. Ra2 h5 26. Rea1 g4 27. hxg4 hxg4 28. Nh4 Bh7 29. Ra7 Qe8 30. Rb7 Qh5 31. Raa7 Qxh4 32. Rxg7+ Kh8 33. Rxh7+ Qxh7 34. Rxh7+ Kxh7 35. Qb1+ f5 36. Qa1 Kg6 37. Qa7 Nd2 38. Be5 Rg8 39. Qd7 Rb6 40. Bxb5 Ne4 41. Bc6 Ng5 42. b5 Kh5 43. Bc7 Rbb8 44. Bxb8 Rxb8 45. Qe7 Rg8 46. Be8+ Kh6 47. Qf6+ Kh7 48. Bf7 Rg7 49. Bxe6 g3 50. Bxf5+ Kg8 51. fxg3 Ne4 52. Qd8+ Kf7 53. Qxd5+ Kf6 54. Qxe4 Rxg3 55. Qe6+ Kg5 56. Qg6+ Kf4 57. Qxg3+ Kxg3 58. b6 Kf4 59. b7 Ke3 60. b8=Q Kd2 61. Qg3 Kc1 62. c4 Kb2 63. c5 Ka1 64. c6 Kb2 65. c7 Kc1 66. c8=Q+ Kb2 67. Qgc3+ Ka2 68. Qa6# 1-0


[Site "https://www.chess.com"]

[Event "Titled Tuesday Blitz July 18 Late 2023"]
[White "Rietze, Clemens, Dr."]
[Black "Fonseca Manrique, Enrique"]
[WhiteFideId "24620351"]
[BlackFideId "5114330"]
[WhiteElo "2492"]
[BlackElo "2583"]
[Result "0-1"]
[Round "8"]
[TimeControl "180+2"]
[Date "2023.07.18"]
[WhiteClock "0:00:00"]
[BlackClock "0:00:07"]
[Board "60"]

1. d4 Nf6 2. c4 c5 3. d5 b5 4. cxb5 a6 5. bxa6 g6 6. Nc3 Bg7 7. e4 O-O 8. a7 Rxa7 9. Nf3 d6 10. Be2 e6 11. O-O exd5 12. exd5 Ba6 13. Bxa6 Nxa6 14. Nb5 Rd7 15. Bf4 Nb4 16. Nc3 Qa8 17. Qd2 Nbxd5 18. Bg3 Nxc3 19. bxc3 Ne4 20. Qc2 Nxc3 21. a4 Re8 22. Ra3 Ne2+ 23. Kh1 Nxg3+ 24. fxg3 Qa6 25. Rd1 Rde7 26. h3 h6 27. Qd2 Re6 28. Qd5 Rb8 29. Rb3 Rxb3 30. Qxb3 c4 31. Qb4 c3 32. a5 c2 33. Rc1 Re2 34. Qb6 Qd3 35. Qg1 Bb2 36. Rf1 Qe3 37. a6 Qxg1+ 38. Nxg1 c1=Q 39. Rxc1 Bxc1 40. Nxe2 Be3 41. Nc3 Kf8 42. Nb5 Ke7 43. a7 Bxa7 44. Nxa7 Kd7 45. Nb5 Kc6 46. Nc3 Kc5 47. Kg1 Kc4 48. Nd1 Kd3 49. Nf2+ Ke2 50. Ne4 d5 51. Nc5 d4 52. g4 f5 0-1


[Site "https://www.chess.com"]

[Event "Titled Tuesday Blitz July 18 Late 2023"]
[White "brm72"]
[Black "Toniutti, Ezio"]
[BlackFideId "113034"]
[WhiteElo "2581"]
[BlackElo "2478"]
[Result "0-1"]
[Round "8"]
[TimeControl "180+2"]
[Date "2023.07.18"]
[WhiteClock "0:00:09"]
[BlackClock "0:00:09"]
[Board "61"]

1. e4 e5 2. Nf3 Nc6 3. d4 exd4 4. Nxd4 Bc5 5. Nb3 Bb6 6. Qe2 d6 7. Nc3 Nf6 8. Be3 Be6 9. O-O-O Qe7 10. g3 O-O-O 11. Bg2 Rhe8 12. Rhe1 Kb8 13. Kb1 Bg4 14. f3 Bc8 15. Bxb6 axb6 16. h3 d5 17. Qf1 d4 18. Nd5 Qd6 19. f4 Nxd5 20. exd5 Nb4 21. Rxd4 Bf5 22. Rd2 Qg6 23. Rxe8 Rxe8 24. Qc4 Nxc2 25. Rxc2 Bxc2+ 26. Qxc2 Qxc2+ 27. Kxc2 Re2+ 28. Nd2 Rxg2 29. g4 Rg3 30. Ne4 Rxh3 31. Ng5 Rh2+ 32. Kc3 Rg2 33. Nxf7 Rxg4 34. f5 Rf4 35. d6 cxd6 36. Nxd6 h5 37. Kd3 h4 38. Ke3 Rf1 39. Ne4 h3 40. Ng3 Rg1 41. Kf2 Rg2+ 42. Kf3 Rxb2 43. Nf1 Rxa2 44. Kg3 Ra3+ 45. Kh2 Rf3 46. Ng3 Rxg3 47. Kxg3 Kc7 48. Kxh3 Kd6 49. Kg4 Ke7 50. Kg5 Kf7 51. Kf4 Kf6 0-1


[Site "https://www.chess.com"]

[Event "Titled Tuesday Blitz July 18 Late 2023"]
[White "Voege, Tobias"]
[Black "Glavina, Pablo"]
[WhiteFideId "1270513"]
[BlackFideId "100234"]
[WhiteElo "2579"]
[BlackElo "2466"]
[Result "0-1"]
[Round "8"]
[TimeControl "180+2"]
[Date "2023.07.18"]
[WhiteClock "0:00:09"]
[BlackClock "0:00:03"]
[Board "62"]

1. e4 c5 2. Nf3 Nc6 3. d4 cxd4 4. Nxd4 Nf6 5. Nc3 d6 6. Bc4 Qb6 7. Nde2 g6 8. O-O Bg7 9. Kh1 O-O 10. Rb1 a6 11. Be3 Qc7 12. Nd5 Nxd5 13. Bxd5 Ne5 14. h3 e6 15. Bb3 b5 16. Bd4 Bb7 17. f4 Nc4 18. Bxg7 Kxg7 19. f5 exf5 20. exf5 Bxg2+ 21. Kh2 d5+ 22. Rf4 Be4 23. f6+ Kh8 24. Qg1 g5 25. h4 Nd2 26. Qg3 Nxb1 27. hxg5 Nd2 28. Nd4 Rg8 29. c3 Rg6 30. Bd1 Rag8 31. Ne6 fxe6 32. f7 Nf1+ 33. Rxf1 Qxg3+ 34. Kxg3 Rxg5+ 35. Kh4 Rg4+ 36. Bxg4 Rf8 37. Bxe6 Kg7 38. Rg1+ Kf6 39. Rg8 Ke7 40. Kg5 Bg6 41. Bxd5 Bxf7 42. Rg7 Ke8 43. Bc6+ Kd8 44. a3 h5 45. Bb7 a5 46. Bc6 Bc4 47. Kxh5 Rf2 48. Ra7 a4 49. Kg5 Rxb2 50. Rb7 Rb3 51. Kf4 Kc8 52. Rg7 Rxc3 53. Ke5 Rxa3 54. Kd4 Kd8 55. Kc5 Rb3 56. Rd7+ Kc8 57. Kb6 a3 58. Re7 Rd3 59. Rc7+ Kd8 60. Ra7 a2 61. Kc5 Rd1 62. Ra8+ Ke7 63. Re8+ Kf7 64. Re3 a1=Q 65. Rf3+ Kg6 66. Rg3+ Kh5 67. Rf3 Kg4 68. Rf8 Qd4+ 69. Kb4 Qd6+ 70. Ka5 Qxf8 71. Kb6 Qb8+ 72. Bb7 Rd6+ 73. Kc5 Qxb7 74. Kb4 Rd3 75. Kc5 Qc7+ 76. Kb4 Rb3# 0-1


[Site "https://www.chess.com"]

[Event "Titled Tuesday Blitz July 18 Late 2023"]
[White "ArchibaldCerveza29"]
[Black "Vlassov, Nikolai"]
[BlackFideId "4103360"]
[WhiteElo "2454"]
[BlackElo "2578"]
[Result "1-0"]
[Round "8"]
[TimeControl "180+2"]
[Date "2023.07.18"]
[WhiteClock "0:00:05"]
[BlackClock "0:00:00"]
[Board "63"]

1. e4 Nc6 2. Nf3 d5 3. exd5 Qxd5 4. Nc3 Qa5 5. d4 Bg4 6. h3 Bxf3 7. Qxf3 O-O-O 8. Be3 e5 9. dxe5 Ba3 10. Bc1 Nxe5 11. Qg3 Nf6 12. Bd3 Nxd3+ 13. cxd3 Rhe8+ 14. Kf1 Bb4 15. Bd2 Qa6 16. Kg1 Rxd3 17. Be3 Bxc3 18. bxc3 Nd5 19. Qg4+ Kb8 20. Bd4 g6 21. Kh2 Qd6+ 22. g3 f5 23. Qh4 c5 24. Rhe1 Rxe1 25. Rxe1 cxd4 26. Re8+ Kc7 27. Qxh7+ Kb6 28. Qf7 Qc5 29. Qxg6+ Ka5 30. Qxf5 Rd2 31. c4 Qxc4 32. Re5 b5 33. Rxd5 Rxf2+ 34. Qxf2 Qxd5 35. Qd2+ b4 36. h4 d3 37. g4 Qe5+ 38. Kg2 Qc3 39. Qg5+ Ka4 40. h5 d2 41. Qg8 1-0


[Site "https://www.chess.com"]